 Dungeon Crawl Stone Soup version 0.21.1-1-g345015fe64 (webtiles) character file.

54490 Norrik the Fencer (level 14, 0/132 HPs)
             Began as a Minotaur Monk on Apr 23, 2018.
             Was the Champion of Okawaru.
             Slain by an ogre
             ... wielding a +0 giant spiked club
              (2 damage)
             ... while paralysed by an orc sorcerer
             ... on level 2 of the Orcish Mines.
             The game lasted 01:02:07 (16017 turns).

Norrik the Fencer (Minotaur Monk)                  Turns: 16017, Time: 01:02:09

Health: 0/132      AC: 33    Str: 26    XL:     14   Next: 34%
Magic:  20/20      EV:  2    Int:  5    God:    Okawaru [******]
Gold:   1936       SH:  0    Dex: 13    Spells: 11/13 levels left

rFire    + . .     SeeInvis .   S - +3 scimitar (flame)
rCold    . . .     Gourm    .   l - +0 large shield
rNeg     . . .     Faith    .   T - +6 plate armour of the Lair of Beasts {rF+}
rPois    .         Spirit   .   q - +1 hat
rElec    .         Reflect  +   k - +0 cloak
rCorr    +         Harm     .   a - +2 pair of gloves of the Pits of Slime {Slay+5}
MR       +....                  J - +1 pair of boots {run}
Stlth    ..........             n - +5 amulet of reflection
HPRegen  0.32/turn              r - ring of resist corrosion
MPRegen  0.17/turn              f - +4 ring of evasion

@: paralysed, mighty, heroism, studying 2 skills, drained, quick
A: retaliatory headbutt, horns 2, dopey 1
a: Heroism, Finesse, Renounce Religion


You were on level 2 of the Orcish Mines.
You worshipped Okawaru.
Okawaru was exalted by your worship.
You were not hungry.

You visited 2 branches of the dungeon, and saw 17 of its levels.

You collected 1936 gold pieces.

Inventory:

Hand Weapons
 I - a +2 demon blade of venom
 S - a +3 scimitar of flaming (weapon)
 Z - a +2 triple sword of flaming
Missiles
 z - 13 tomahawks (quivered)
 X - 4 throwing nets
Armour
 a - the +2 pair of gloves of the Pits of Slime (worn) {Slay+5}
   (You acquired it on level 10 of the Dungeon)

   It affects your accuracy and damage with ranged weapons and melee attacks
   (+5).
 k - a +0 cloak (worn)
 l - a +0 large shield (worn)
 q - a +1 hat (worn)
 J - a +1 pair of boots of running (worn)
 T - the +6 plate armour of the Lair of Beasts (worn) {rF+}
   (Okawaru gifted it to you on level 14 of the Dungeon)

   It protects you from fire.
Jewellery
 f - a +4 ring of evasion (right hand)
 n - a +5 amulet of reflection (around neck)
 r - a ring of resist corrosion (left hand)
 w - a cursed ring of ice
Wands
 b - a wand of enslavement (12)
 v - a wand of random effects (45)
 G - a wand of acid (17)
 O - a wand of clouds (3)
 P - a wand of paralysis (16)
Scrolls
 d - 2 scrolls of noise {unknown}
 e - 16 scrolls of remove curse
 i - 5 scrolls of teleportation
 j - 3 scrolls of enchant armour
 s - 2 scrolls of magic mapping {unknown}
 t - 6 scrolls of amnesia
 u - 3 scrolls of fog
 x - a scroll of vulnerability {unknown}
 y - a scroll of blinking
 B - 4 scrolls of fear {unknown}
 D - 2 scrolls of enchant weapon {unknown}
 F - a scroll of silence {unknown}
 Q - a scroll of immolation {unknown}
Potions
 g - a potion of cancellation
 m - a potion of lignification
 o - 2 potions of brilliance
 p - 3 potions of curing
 A - a potion of might
 C - 2 potions of haste
 E - 2 potions of mutation {unknown}
 H - a potion of agility {unknown}
 K - a potion of invisibility {unknown}
 R - a potion of flight {unknown}
 W - a potion of heal wounds {unknown}
Books
 L - a manual of Evocations
 M - a manual of Dodging
Miscellaneous
 N - a fan of gales (inert)
Comestibles
 c - 29 rations
 h - 2 chunks of flesh


   Skills:
 + Level 14.1(17.5) Fighting
 * Level 18.7(22.0) Long Blades
 + Level 13.7(17.1) Armour
 - Level 3.2(7.0) Dodging
 - Level 1.5(5.4) Stealth
 - Level 6.0(4.8) Invocations
 + Level 9.9(8.7) Evocations


You had 11 spell levels left.
You knew the following spells:

 Your Spells              Type           Power        Failure   Level  Hunger
a - Blink                 Tloc           N/A          100%        2    ###....


Dungeon Overview and Level Annotations

Branches:
Dungeon (15/15)            Temple (0/1) D:5            Lair (0/6) D:9
    Orc (2/2) D:11         Vaults (0/5) D:13         Depths (0/5) D:15
    Elf: Orc:2

Altars:
Ashenzari
Dithmenos
Elyvilon
Kikubaaqudgha
Makhleb
Okawaru
Ru
Sif Muna
Trog
Vehumet

Shops:
D:5 }   D:14 [   Orc:2 [

Portals:
Trove: D:12 (give +6 demon blade)


Innate Abilities, Weirdness & Mutations

You reflexively headbutt those who attack you in melee.
You have a pair of horns on your head.
You are dopey. (Int -2)


Message History

You suddenly lose the ability to move!
The orc wizard mumbles some strange words.
The orc wizard blinks!
The ogre barely misses you.
The orc wizard points at you and mumbles some strange words.
The puff of flame hits you! You resist.
* * * LOW HITPOINT WARNING * * *
The orc sorcerer hits you with a dagger.
* * * LOW HITPOINT WARNING * * *
The ogre hits you but does no damage.
The orc sorcerer hits you but does no damage.
The orc sorcerer points at you and mumbles some strange words.
The bolt of fire hits you!
The orc wizard mumbles some strange words.
The orc wizard blinks!
The orc sorcerer casts a spell at you. You resist with some effort.
The orc sorcerer hits you but does no damage.
The ogre hits you with a giant spiked club.
You die...

≈..#.....#.§§#§.§8§≈##
......8.§....#....≈≈§#
...).............≈§§≈#
............§....≈≈§≈#
§≈≈≈≈≈≈≈≈§≈≈≈≈§..≈≈≈§#
##############≈...§§≈#
#§....≈## #..8.§§#
#.o@..≈# ##o#O#§#
......))### .........
.....§..8.≈
........#.≈# ##....._
≈≈# ##.o8## ≈## ##..
##


You could see 2 orc sorcerers, an ogre and an orc wizard.

Vanquished Creatures
  Rupert (Orc:2)
  A juggernaut skeleton (D:15)
  Harold (D:12)
  Fannar (D:10)
  Erica (D:8)
  5 centaur warriors
  6 two-headed ogres
  A tengu warrior (D:9)
  The ghost of libidonplus the Magician, a novice GnSk of Cheibriados (D:9)
  A storm dragon zombie (D:15)
  5 skeletal warriors
  The ghost of Gargoyl the Chopper, a novice CeAK of Lugonu (D:10)
  2 unseen horrors (D:10)
  2 wizards
  2 orc knights
  A deep elf archer (D:10)
  A necromancer (D:15)
  A phantasmal warrior (D:15)
  9 orc sorcerers
  3 ugly things
  4 deep elf magi
  3 manticores
  2 cyclopes (D:14)
  A stone giant skeleton (D:15)
  Maurice (D:8)
  Psyche (D:8)
  A kobold demonologist (D:14)
  An efreet (D:13)
  A guardian mummy (D:15)
  A tengu conjurer (D:9)
  7 trolls
  Prince Ribbit (D:7)
  A raiju (shapeshifter) (D:14)
  A blink frog (shapeshifter) (D:14)
  9 slime creatures
  An ettin zombie (D:15)
  A hornet (D:9)
  5 hippogriffs
  A vampire (D:10)
  A spriggan (D:7)
  The ghost of Fymir27 the Digger, an amateur GrEE of Elyvilon (D:3)
  4 water elementals
  3 wraiths
  2 wyverns (D:12)
  28 yaks
  2 hungry ghosts (D:9)
  3 vampire mosquitoes
  2 acid dragons
  3 wargs (D:9)
  2 water moccasins
  2 ice beasts
  6 sky beasts
  A necrophage (D:10)
  14 orc warriors
  4 phantoms
  12 ogres
  10 centaurs
  A crocodile (D:8)
  5 bullfrogs
  A gnoll sergeant (D:8)
  4 scorpions
  5 killer bees (D:9)
  11 wights
  7 electric eels (D:12)
  4 howler monkeys
  A bullfrog zombie (D:13)
  5 crimson imps
  4 centaur zombies
  3 centaur skeletons
  6 hounds
  3 jellies
  4 bullfrog skeletons
  A quasit (D:10)
  24 orc priests
  4 iguanas
  38 orc wizards
  8 worker ants
  2 killer bee zombies
  2 hound skeletons (D:8)
  A howler monkey zombie (D:9)
  10 gnolls
  15 adders
  4 shadow imps
  5 worms
  4 dart slugs
  9 leopard geckos
  106 orcs
  3 ball pythons
  4 giant cockroaches
  12 goblins
  5 hobgoblins
  4 jackals
  3 quokkas
  9 bats
  8 frilled lizards
  9 kobolds
  2 quokka zombies
  8 rats
553 creatures vanquished.

Vanquished Creatures (others)
  A cyclops (Orc:1)
  A gargoyle (D:14)
  A centaur (D:15)
  An orc wizard (Orc:2)
  An orc (Orc:2)
  A plant (D:10)
  6 withered plants (D:15)
12 creatures vanquished.

Grand Total: 565 creatures vanquished

Notes
Turn   | Place    | Note
-------+----------+-------------------------------------------
     0 | D:1      | Norrik the Minotaur Monk began the quest for the Orb.
     0 | D:1      | Reached XP level 1. HP: 19/19 MP: 0/0
   122 | D:1      | Reached skill level 4 in Long Blades
   125 | D:1      | Reached XP level 2. HP: 16/27 MP: 1/1
   144 | D:1      | Reached skill level 1 in Armour
   530 | D:1      | Reached XP level 3. HP: 33/33 MP: 2/2
   649 | D:2      | Reached skill level 5 in Long Blades
   649 | D:2      | Reached XP level 4. HP: 30/40 MP: 3/3
  1004 | D:2      | Found a shadowy altar of Dithmenos.
  1283 | D:3      | Reached XP level 5. HP: 47/47 MP: 4/4
  1687 | D:3      | Found a white marble altar of Elyvilon.
  1727 | D:3      | Reached skill level 6 in Long Blades
  1748 | D:3      | Noticed Fymir27's ghost (amateur GrEE)
  1764 | D:3      | Reached skill level 5 in Fighting
  1981 | D:3      | Killed Fymir27's ghost
  1981 | D:3      | Reached XP level 6. HP: 44/56 MP: 5/5
  2225 | D:3      | Found an iron altar of Okawaru.
  2236 | D:3      | Became a worshipper of Warmaster Okawaru
  2236 | D:3      | Reached * piety under Okawaru
  2236 | D:3      | Reached ** piety under Okawaru
  2563 | D:4      | Reached skill level 7 in Long Blades
  2631 | D:4      | Reached XP level 7. HP: 45/62 MP: 6/6
  2946 | D:4      | Reached skill level 8 in Long Blades
  3105 | D:4      | Reached skill level 5 in Armour
  3347 | D:5      | Entered Level 5 of the Dungeon
  3491 | D:5      | Reached *** piety under Okawaru
  3562 | D:5      | Reached XP level 8. HP: 56/71 MP: 7/7
  3578 | D:5      | Reached skill level 9 in Long Blades
  3799 | D:5      | Found a staircase to the Ecumenical Temple.
  3966 | D:5      | Found Ubbetyda's Gadget Boutique.
  4687 | D:6      | Reached skill level 10 in Long Blades
  4775 | D:6      | Found a radiant altar of Vehumet.
  4775 | D:6      | Found a bloodstained altar of Trog.
  4965 | D:7      | Noticed Prince Ribbit
  4996 | D:7      | Killed Prince Ribbit
  4996 | D:7      | Reached **** piety under Okawaru
  4996 | D:7      | Reached skill level 1 in Invocations
  5180 | D:7      | Got a bloodstained chain mail
  5192 | D:7      | Identified the +5 chain mail of Snakes and Ladders {*Contam MR++ Regen+ rCorr} (You found it on level 7 of the Dungeon)
  5295 | D:7      | Reached XP level 9. HP: 76/81 MP: 6/9
  5385 | D:7      | Reached skill level 11 in Long Blades
  5452 | D:7      | Reached ***** piety under Okawaru
  5742 | D:8      | Noticed Erica
  5742 | D:8      | Noticed a two-headed ogre
  5744 | D:8      | Noticed Psyche
  5752 | D:8      | Killed Erica
  5752 | D:8      | Reached skill level 12 in Long Blades
  5752 | D:8      | Reached XP level 10. HP: 91/91 MP: 10/12
  5758 | D:8      | Killed Psyche
  5758 | D:8      | Received a gift from Okawaru
  5764 | D:8      | Killed a two-headed ogre
  5797 | D:8      | Found a burning altar of Makhleb.
  5913 | D:8      | Noticed Maurice
  5929 | D:8      | Killed Maurice
  5929 | D:8      | Reached skill level 5 in Invocations
  6358 | D:8      | Reached skill level 13 in Long Blades
  6488 | D:8      | Found an ancient bone altar of Kikubaaqudgha.
  6513 | D:8      | Found a deep blue altar of Sif Muna.
  6750 | D:9      | Found a staircase to the Lair.
  6761 | D:9      | Reached skill level 10 in Fighting
  6842 | D:9      | Noticed libidonplus's ghost (novice GnSk)
  6869 | D:9      | Killed libidonplus's ghost
  6869 | D:9      | Received a gift from Okawaru
  6869 | D:9      | Reached XP level 11. HP: 100/100 MP: 14/14
  6883 | D:9      | Identified a +1 pair of boots of running (Okawaru gifted it to you on level 9 of the Dungeon)
  7494 | D:10     | Entered Level 10 of the Dungeon
  7494 | D:10     | Noticed a tengu warrior
  7494 | D:10     | Noticed Gargoyl's ghost (novice CeAK)
  7502 | D:9      | Reached skill level 14 in Long Blades
  7502 | D:9      | Reached skill level 10 in Armour
  7517 | D:9      | Killed a tengu warrior
  7553 | D:10     | Killed Gargoyl's ghost
  7582 | D:10     | Noticed a two-headed ogre
  7590 | D:10     | Killed a two-headed ogre
  7605 | D:10     | Noticed Fannar
  7608 | D:10     | Noticed a two-headed ogre
  7915 | D:10     | Killed Fannar
  7956 | D:10     | Killed an unseen horror
  7956 | D:10     | Received a gift from Okawaru
  8011 | D:10     | Reached skill level 15 in Long Blades
  8086 | D:10     | Got a heavily runed plate armour
  8257 | D:10     | Killed a two-headed ogre
  8257 | D:10     | Reached skill level 1 in Evocations
  8521 | D:10     | Reached XP level 12. HP: 101/110 MP: 15/15
  8589 | D:10     | Identified the cursed +0 plate armour of Kauci {rCorr Int+4 Dex-5 Slay+3} (You found it on level 10 of the Dungeon)
  9076 | D:10     | Identified 2 scrolls of acquirement
  9086 | D:10     | Got a pair of shimmering gloves
  9097 | D:10     | Identified the +2 pair of gloves of the Pits of Slime {Slay+5} (You acquired it on level 10 of the Dungeon)
  9170 | D:11     | Reached ****** piety under Okawaru
  9170 | D:11     | Received a gift from Okawaru
  9324 | D:11     | Noticed a two-headed ogre
  9332 | D:11     | Killed a two-headed ogre
  9460 | D:11     | Found a sacrificial altar of Ru.
  9540 | D:11     | Found a staircase to the Orcish Mines.
  9813 | D:11     | Reached skill level 16 in Long Blades
 10048 | D:12     | Noticed Harold
 10319 | D:12     | Killed Harold
 10319 | D:12     | Reached skill level 5 in Evocations
 10353 | D:12     | Got an ichor-stained dagger
 10486 | D:12     | Received a gift from Okawaru
 11005 | D:12     | Found a portal to a secret trove of treasure.
 11502 | D:12     | Reached XP level 13. HP: 36/119 MP: 13/16
 11830 | D:13     | Received a gift from Okawaru
 11830 | D:13     | Reached skill level 17 in Long Blades
 12312 | D:13     | Found a gate to the Vaults.
 12608 | D:14     | Received a gift from Okawaru
 12614 | D:14     | Got a translucent plate armour {god gift}
 12625 | D:14     | Identified the +6 plate armour of the Lair of Beasts {rF+} (Okawaru gifted it to you on level 14 of the Dungeon)
 12643 | D:14     | Found Puimaten's Armour Emporium.
 12647 | D:14     | Gained mutation: You are dopey. (Int -2) [mutagenic glow]
 12696 | D:14     | Found a shattered altar of Ashenzari.
 12740 | D:14     | Learned a level 2 spell: Blink
 13073 | D:14     | Found a deep blue altar of Sif Muna.
 13202 | D:15     | Entered Level 15 of the Dungeon
 13709 | D:15     | Reached skill level 18 in Long Blades
 13755 | D:15     | Found a staircase to the Depths.
 13775 | D:15     | Reached XP level 14. HP: 75/130 MP: 19/19
 14123 | D:15     | Received a gift from Okawaru
 14877 | Orc:1    | Entered Level 1 of the Orcish Mines
 14978 | Orc:1    | Paralysed by an orc sorcerer for 7 turns
 15080 | Orc:1    | Found a burning altar of Makhleb.
 15275 | Orc:2    | Entered Level 2 of the Orcish Mines
 15289 | Orc:2    | Noticed Rupert
 15314 | Orc:2    | HP: 6/130 [Rupert/vampiric executioner's axe (30)]
 15315 | Orc:2    | HP: 1/130 [Rupert/vampiric executioner's axe (6)]
 15316 | Orc:2    | Killed Rupert
 15928 | Orc:2    | Found Bomeg's Antique Armour Emporium.
 15980 | Orc:2    | Found an ancient bone altar of Kikubaaqudgha.
 16006 | Orc:2    | Paralysed by an orc sorcerer for 6 turns
 16013 | Orc:2    | Paralysed by an orc sorcerer for 6 turns
 16015 | Orc:2    | HP: 4/132 [orc wizard/puff of flame (4)]
 16015 | Orc:2    | HP: 1/132 [orc sorcerer/dagger (3)]
 16017 | Orc:2    | Slain by an ogre

Skill      XL: |  1  2  3  4  5  6  7  8  9 10 11 12 13 14 |
---------------+-------------------------------------------+-----
Long Blades    | 4 5 6 7 8 10 12 13 15 16 18 | 18.7
Armour         | 1 2 3 4 5 6 8 9 11 12 13 | 13.7
Fighting       | 4 5 6 7 9 10 11 12 13 14 | 14.1
Invocations    | 1 4 5 6 |  6.0
Evocations     | 1 6 9 |  9.9
Dodging        | |  3.2
Stealth        | |  1.5

Action                   |  1- 3 |  4- 6 |  7- 9 | 10-12 | 13-15 || total
-------------------------+-------+-------+-------+-------+-------++-------
Melee: Falchion          |    46 |   197 |   193 |       |       ||   436
       Headbutt          |    11 |    40 |    88 |   175 |   109 ||   423
       Scimitar          |       |       |   161 |   742 |   426 ||  1329
       Punch             |       |       |       |     2 |       ||     2
Throw: Tomahawk          |       |       |       |    20 |       ||    20
Invok: Heroism           |       |       |     3 |     7 |     5 ||    15
       Finesse           |       |       |       |     1 |       ||     1
Evoke: Wand              |       |       |       |     1 |     1 ||     2
       Fan of gales      |       |       |       |       |     1 ||     1
  Use: Scroll            |       |       |     2 |    12 |     4 ||    18
       Potion            |       |       |       |       |     2 ||     2
 Stab: Sleeping          |     2 |     1 |       |       |       ||     3
  Eat: Chunk             |       |     6 |    10 |    12 |    11 ||    39
       Ration            |       |       |       |     2 |     1 ||     3
Armor: Robe              |     4 |     4 |       |       |       ||     8
       Chain mail        |       |   112 |   131 |   321 |    74 ||   638
       Plate armour      |       |       |     7 |       |   137 ||   144
Dodge: Dodged            |    33 |    88 |   122 |   347 |   109 ||   699
Block: Other             |       |       |    24 |   110 |       ||   134
       Reflection        |       |       |       |     7 |    27 ||    34
       Large shield      |       |       |       |    28 |   349 ||   377
       Rpst.: Falchion   |    12 |    18 |    24 |       |       ||    54
       Scimitar          |       |       |    10 |    71 |    20 ||   101
